 Dungeon Crawl Stone Soup version 0.22-a0-815-gb582571 (webtiles) character file.

91 iamserjio the Conjurer (level 4, -1/24 HPs)
             Began as a Tengu Fire Elementalist on July 23, 2018.
             Slain by an orc (2 damage)
             ... on level 3 of the Dungeon.
             The game lasted 00:06:11 (720 turns).

iamserjio the Conjurer (Tengu Fire Elementalist)     Turns: 720, Time: 00:06:12

Health: -1/24      AC:  2    Str:  8    XL:     4   Next: 59%
Magic:  1/9        EV: 12    Int: 22    God:
Gold:   113        SH:  0    Dex: 14    Spells: 7/8 levels left

rFire    . . .     SeeInvis .   b - +0 dagger (venom)
rCold    . . .     Gourm    .   (no shield)
rNeg     . . .     Faith    .   a - +0 robe
rPois    .         Spirit   .   (helmet restricted)
rElec    .         Reflect  .   (no cloak)
rCorr    .         Harm     .   (no gloves)
MR       .....                  (boots unavailable)
Stlth    ++........             (no amulet)
HPRegen  0.08/turn              (no ring)
MPRegen  0.11/turn              (no ring)

@: brilliant
A: beak, talons 3
a: no special abilities


You were on level 3 of the Dungeon.
You were not hungry.

You visited 1 branch of the dungeon, and saw 3 of its levels.

You collected 113 gold pieces.

Inventory:

Hand Weapons
 b - a +0 dagger of venom (weapon)
 h - a +0 dagger of draining
 i - a +2 dagger of speed
Missiles
 e - 30 stones (quivered)
 f - 42 sling bullets
Armour
 a - a +0 robe (worn)
Scrolls
 g - a scroll of enchant armour {unknown}
 l - a scroll of fear {unknown}
Potions
 j - a potion of mutation {unknown}
Comestibles
 c - 3 rations


   Skills:
 - Level 2.1 Dodging
 - Level 2.0 Stealth
 + Level 2.7 Spellcasting
 + Level 4.1 Conjurations
 + Level 4.0 Fire Magic


You had 7 spell levels left.
You knew the following spells:

 Your Spells              Type           Power        Failure   Level  Hunger
a - Flame Tongue          Conj/Fire      ####.        1%          1    None

Your spell library contained the following spells:

 Spells                   Type           Power        Failure   Level  Hunger
 Fireball                 Conj/Fire      ####......   8%          5    ######.
 Conjure Flame            Conj/Fire      ####....     1%          3    ###....
 Throw Flame              Conj/Fire      ####..       1%          2    ##.....
 Sticky Flame             Conj/Fire      ####....     3%          4    ####...
 Inner Flame              Hex/Fire       ####....     2%          3    ###....


Dungeon Overview and Level Annotations

Branches:
Dungeon (3/15)

Altars:
Trog
Uskayaw


Innate Abilities, Weirdness & Mutations

You have a beak for a mouth.
You have claws for feet.


Message History

Press: ? - help, Shift-Dir - straight line, f - orc wizard, p - orc
Aim: an orc wizard, wielding a dagger and wearing a robe (fast)
The flame tongue hits the orc wizard.
The orc wizard is severely wounded.
The orc hits you.
* * * LOW HITPOINT WARNING * * *
The orc wizard gestures at you while chanting.
The magic dart hits you!
* * * LOW HITPOINT WARNING * * *
Casting: Flame Tongue (safe; 1% risk of failure)
Confirm with . or Enter, or press ? or * to list all spells.
Aiming: Flame Tongue (safe; 1% risk of failure)
Press: ? - help, Shift-Dir - straight line, f/p - orc wizard
Aim: an orc wizard, wielding a dagger and wearing a robe (severely wounded, fast)
The flame tongue hits the orc wizard.
You kill the orc wizard!
Your Conjurations skill increases to level 4!
Your Fire Magic skill increases to level 4!
The orc hits you.
You die...

#...........#
#......†....# #
...#####...........#.#
...............#.....#
#............).#<....#
#......#.......#..#..#
#.....<#..)....#..##.#
#......#.......#..# .#
#......###@##...... ).
....... #o# ....... #
....... #oo# [...?
##o......... ....o .
......o .#.....
##..... .....


You could see 4 orcs.

Vanquished Creatures
  An orc wizard (D:3)
  2 adders
  2 dart slugs (D:2)
  2 giant cockroaches (D:2)
  10 hobgoblins
  4 jackals (D:2)
  A quokka (D:3)
  3 bats
  4 frilled lizards
  4 goblins
  3 kobolds (D:2)
  4 rats (D:2)
40 creatures vanquished.

Notes
Turn   | Place    | Note
-------+----------+-------------------------------------------
     0 | D:1      | iamserjio the Tengu Fire Elementalist began the quest for the Orb.
     0 | D:1      | Reached XP level 1. HP: 10/10 MP: 4/4
   131 | D:2      | Reached XP level 2. HP: 14/15 MP: 1/6
   230 | D:2      | Reached XP level 3. HP: 17/19 MP: 1/7
   232 | D:2      | Found a hide-covered altar of Uskayaw.
   668 | D:3      | Found a bloodstained altar of Trog.
   670 | D:3      | Reached XP level 4. HP: 10/24 MP: 5/8
   719 | D:3      | HP: 1/24 [orc wizard/magic dart (3)]
   720 | D:3      | Slain by an orc

Vault maps used:
D:1:      dpeg_arrival_yet_another_circle
D:2:      eat_drink_and_be_merry_uskayaw
D:3:      bloody_trog, first_ration, gammafunk_ghost_icy

Skill      XL: |  1  2  3  4 |
---------------+-------------+-----
Conjurations   | 2 3 4 |  4.1
Fire Magic     | 4 |  4.0
Dodging        | |  2.1
Stealth        | |  2.0
Spellcasting   | |  2.7

Action                   |  1- 3 |  4- 6 || total
-------------------------+-------+-------++-------
Melee: Dagger            |    46 |     8 ||    54
       Kick              |     8 |       ||     8
       Peck              |     8 |       ||     8
 Cast: Flame Tongue      |    32 |    10 ||    42
  Use: Potion            |       |     2 ||     2
 Stab: Sleeping          |     2 |       ||     2
Armor: Robe              |    14 |       ||    14
Dodge: Dodged            |    37 |     5 ||    42

Table legend:
 A = Spawn XP
 B = Non-spawn XP
 C = Spawn XP percentage of total XP
 D = Spawn monster count
 E = Non-spawn monster count
 F = Spawn count percentage of total count
 G = Total turns spent on level
                    A         B        C        D         E        F      G
               +---------+---------+-------+---------+---------+-------+---------
         Total |       0 |     131 |   0.0 |       0 |      40 |   0.0 |   720
               +---------+---------+-------+---------+---------+-------+---------
           D:1 |       0 |       8 |   0.0 |       0 |       6 |   0.0 |   234
           D:2 |       0 |      62 |   0.0 |       0 |      29 |   0.0 |   433
           D:3 |       0 |      61 |   0.0 |       0 |       5 |   0.0 |    53
               +---------+---------+-------+---------+---------+-------+---------
